 Dungeon Crawl Stone Soup version 0.30-a0-862-g1aabd4f9c5 (webtiles) character file.

Game seed: 10943246153202651548

140 cforsyth the Magician (level 5, -2/28 HPs)
             Began as a Deep Elf Earth Elementalist on Mar 10, 2023.
             Slain by a yak (16 damage)
             ... on level 4 of the Dungeon.
             The game lasted 00:03:57 (3054 turns).

cforsyth the Magician (Deep Elf Earth Elementalist) Turns: 3054, Time: 00:03:57

Health: -2/28      AC:  2    Str:  5    XL:     5   Next: 2%
Magic:  9/14       EV: 12    Int: 22    God:
Gold:   232        SH:  0    Dex: 15    Spells: 13/14 levels left

rFire   . . .      SeeInvis .    (no weapon)
rCold   . . .      Faith    .    (no shield)
rNeg    . . .      Spirit   .    a - +0 robe
rPois   .          Reflect  .    (no helmet)
rElec   .          Rampage  .    (no cloak)
rCorr   .                        (no gloves)
Will    .....                    (no boots)
Stlth   ++                       (no amulet)
HPRegen 0.24/turn                (no ring)
MPRegen 0.14/turn                (no ring)

@: no status effects
A: no striking features
a: no special abilities


You were on level 4 of the Dungeon.
You visited 1 branch of the dungeon, and saw 4 of its levels.

You collected 232 gold pieces.

Inventory:

Hand Weapons
 q - the +6 war axe of the Eternal Void {freeze, rF- rC+ rN+ Int+3}
   (You found it on level 2 of the Dungeon)

   Int:       It affects your intelligence (+3).
   rF:        It makes you vulnerable to fire.
   rC:        It protects you from cold.
   rN:        It protects you from negative energy.
Armour
 a - a +0 robe (worn)
Jewellery
 f - an amulet of magic regeneration
Wands
 r - a wand of charming (6)
 s - a wand of iceblast (10)
Scrolls
 c - 4 scrolls of identify {unknown}
 d - a scroll of noise {unknown}
 e - 2 scrolls of poison {unknown}
 h - 2 scrolls of fear {unknown}
 i - a scroll of fog {unknown}
 o - a scroll of brand weapon {unknown}
 p - a scroll of blinking {unknown}
Potions
 b - a potion of magic
 g - a potion of flight {unknown}
 j - 2 potions of heal wounds {unknown}
 k - 2 potions of lignification {unknown}
 l - a potion of cancellation {unknown}
 m - a potion of mutation {unknown}
 n - 2 potions of might {unknown}
 t - a potion of degeneration {unknown}


   Skills:
 - Level 2.4 Dodging
 - Level 2.4 Stealth
 + Level 5.4 Spellcasting
 - Level 1.1 Transmutations
 + Level 5.0 Earth Magic


You had 13 spell levels left.
You knew the following spells:

 Your Spells              Type           Power      Damage    Failure   Level
a - Sandblast             Erth           56%        2d13      1%          1

Your spell library contained the following spells:

 Spells                   Type           Power      Damage    Failure   Level
 Passwall                 Tmut/Erth      15%        N/A       4%          2
 Necrotise                Necr           20%        1d5       10%         1
 Stone Arrow              Conj/Erth      34%        3d9       11%         3
 Petrify                  Tmut/Erth      19%        N/A       26%         4
 Frozen Ramparts          Ice            10%        1d2       28%         3
 Ozocubu's Armour         Ice            5%         N/A       28%         3
 Vampiric Draining        Necr           5%         2d6       28%         3
 Ice Form                 Ice/Tmut       8%         N/A       61%         4
 Summon Ice Beast         Ice/Summ       5%         N/A       67%         4
 Agony                    Necr           5%         N/A       95%         5
 Metabolic Englaciation   Hex/Ice        2%         N/A       95%         5
 Simulacrum               Ice/Necr       2%         N/A       100%        6


Dungeon Overview and Level Annotations

Branches:
Dungeon (4/15)
 Temple: D:4-7

Altars:

Annotations:
D:3 Grinder


Message History

The yak is lightly wounded.
The yak bellows!
The blast of sand misses the yak.
An ice beast comes into view.
The yak gores you!
Ouch! That really hurt!
Casting: Sandblast (safe; 1% risk of failure)
Confirm with . or Enter, or press ? or * to list all spells.
Aiming: Sandblast (safe; 1% risk of failure)
Press: ? - help, Shift-Dir - straight line, f/p - yak
Aim: a yak (lightly wounded, 90% to hit)
The blast of sand hits the yak.
The yak is moderately wounded.
The yak completely misses you.
Casting: Sandblast (safe; 1% risk of failure)
Confirm with . or Enter, or press ? or * to list all spells.
Aiming: Sandblast (safe; 1% risk of failure)
Press: ? - help, Shift-Dir - straight line, f/p - yak
Aim: a yak (moderately wounded, 90% to hit)
The blast of sand hits the yak but does no damage.
The yak is moderately wounded.
The yak closely misses you. x2
Casting: Sandblast (safe; 1% risk of failure)
Confirm with . or Enter, or press ? or * to list all spells.
Aiming: Sandblast (safe; 1% risk of failure)
Press: ? - help, Shift-Dir - straight line, f/p - yak
Aim: a yak (lightly wounded, 90% to hit)
The blast of sand hits the yak!
The yak is heavily wounded.
The yak completely misses you.
Casting: Sandblast (safe; 1% risk of failure)
Confirm with . or Enter, or press ? or * to list all spells.
Aiming: Sandblast (safe; 1% risk of failure)
Press: ? - help, Shift-Dir - straight line, f/p - yak
Aim: a yak (heavily wounded, 90% to hit)
The blast of sand hits the yak.
The yak is severely wounded.
The yak gores you!
Ouch! That really hurt!
You die...

##. #.# #.. ####.##
#.### ##.#...### #.#.##
##.#....... #..#.##
#.###...##. #.###.#
####.#.#.###.
#..#.####.#......#.....
#.###.#Y..######.#.###.
#..#.#@# #.#.###.
#.########## #.......
#...#......# ###.####
###........# #.#
##..###..# #.####
#..###..#######.....
#..#..............##
#..#.#..#######.#.##
#..#.#..# ##......


You could see a yak.

Vanquished Creatures
  A hound (D:4)
  4 adders
  A worm (D:2)
  A dart slug (D:2)
  2 orcs (D:3)
  5 ball pythons
  6 bats
  4 endoplasms
  8 giant cockroaches
  6 goblins
  6 hobgoblins
  3 quokkas
  A frilled lizard (D:1)
  8 kobolds
  8 rats
64 creatures vanquished.

Notes
Turn   | Place    | Note
-------+----------+-------------------------------------------
     0 | D:1      | cforsyth the Deep Elf Earth Elementalist began the quest
                  | for the Orb.
     0 | D:1      | Reached XP level 1. HP: 10/10 MP: 6/6
   210 | D:1      | Reached XP level 2. HP: 15/15 MP: 4/8
   262 | D:1      | Found a faded altar of an unknown god.
  1101 | D:2      | Reached XP level 3. HP: 14/19 MP: 6/10
  1288 | D:2      | Identified the +6 war axe of the Eternal Void {freeze, rF-
                  | rC+ rN+ Int+3}
  1777 | D:2      | Identified the +7 dagger of Burning Optimality {drain, rC+
                  | Int+3}
  2333 | D:3      | Noticed Grinder
  2335 | D:3      | Reached XP level 4. HP: 24/24 MP: 10/12
  2752 | D:4      | Reached skill level 5 in Spellcasting
  2803 | D:4      | Reached skill level 5 in Earth Magic
  2831 | D:4      | Reached XP level 5. HP: 28/28 MP: 12/14
  3048 | D:4      | Noticed a yak
  3050 | D:4      | Noticed an ice beast
  3054 | D:4      | Slain by a yak

Illustrated notes

Levels and vault maps discovered:
D:1:      shiori_arrival_maze, layout_basic, basic_ecumenical_altar
D:2:      layout_basic, minmay_tree_intersection
D:3:      layout_loops_ring, serial_co_window_serial, co_window_paths_b,
          co_window_corner_a, co_window_corner_a, co_window_corner_a,
          co_window_corner_a, co_window_paths_a, co_window_of_opportunity_a,
          co_window_paths_a, co_window_of_opportunity_a, co_window_cross_2,
          co_window_corner_b, co_window_cross_2, co_window_paths_e,
          glass_columns_a, glass_columns_b, glass_columns_a, glass_columns_c,
          glass_columns_b, serial_park_tiny_2, solitary_fountain, uniq_ijyb,
          uniq_grinder, uniq_robin
D:4:      layout_loops_corners, serial_glass, glass_columns_a, glass_columns_a,
          glass_columns_c, glass_columns_b, glass_columns_a, glass_columns_b,
          glass_columns_a, glass_columns_a, glass_columns_b, glass_columns_a,
          minivault_25, hangedman_decor_push, minmay_small_thing

Skill      XL: |  1  2  3  4 |
---------------+-------------+-----
Spellcasting   | 4 5 |  5.4
Earth Magic    | 4 5 |  5.0
Dodging        | |  2.4
Stealth        | |  2.4
Transmutations | |  1.1

Action                     |  1- 3 |  4- 6 || total
---------------------------+-------+-------++-------
  Melee: Unarmed           |     1 |       ||     1
   Cast: Sandblast         |    64 |    26 ||    90
 Armour: Robe              |     2 |       ||     2
  Dodge: Dodged            |     8 |     7 ||    15

Table legend: (Time is in decaauts)
 A = Elapsed time spent in this place.
 B = Non-inter-level travel time spent in this place.
 C = Inter-level travel time spent in this place.
 D = Time resting spent in this place.
 E = Time spent auto-exploring this place.
 F = Levels seen in this place.
 G = Mean time per level.
                   A        B        C        D        E       F      G
               +--------+--------+--------+--------+--------+-----+--------+
         Total |   3097 |   3028 |     69 |     13 |   2634 |   4 |  774.2 |
       Dungeon |   3097 |   3028 |     69 |     13 |   2634 |   4 |  774.2 |
               +--------+--------+--------+--------+--------+-----+--------+

Top non-repeatable levels by time:
     D:1: 1097 daAuts
     D:2: 876 daAuts
     D:3: 601 daAuts
     D:4: 523 daAuts
